BSA
MAUI TROPICS @ IRVINE GANG GREEN
08/04/2028
 
TOP OF THE 1ST
Maui Tropics batting - Pitching for Irvine Gang Green : RHP Mike Marrero
Pitching: RHP Mike Marrero
Batting: LHB Mike Pearson 0-0: Foul Ball, location: 2F
0-1: Fly out, F4 (Popup, 4)
Batting: LHB Luis Antonio Torres 0-0: Called Strike
0-1: Ball
1-1: Swinging Strike
1-2: Foul Ball, location: 2F
1-2: Ground out 6-3 (Groundball, 6M)
Batting: RHB Jesús Espinoza 0-0: Fly out, F1 (Line Drive, 13)
Top of the 1st over - 0 run(s), 0 hit(s), 0 error(s), 0 left on base; Maui 0 - Irvine 0
BOTTOM OF THE 1ST
Irvine Gang Green batting - Pitching for Maui Tropics : RHP José Ortíz
Pitching: RHP José Ortíz
Batting: RHB Tom Doherty 0-0: Called Strike
0-1: Called Strike
0-2: Ball
1-2: TRIPLE (Flyball, 89M)
Batting: LHB José Sánchez 0-0: Called Strike
0-1: Ball
1-1: Ground out 3-1 (Groundball, 34)
Tom Doherty scores
Batting: RHB Aaron Wilson 0-0: Ball
1-0: Foul Ball, location: 2F
1-1: Ball
2-1: Fly out, F9 (Flyball, 9LS)
Batting: LHB Víctor Quiñones 0-0: Ball
1-0: Foul Ball, location: 2F
1-1: Ball
2-1: Called Strike
2-2: Ball
3-2: Foul Ball, location: 2F
3-2: Ground out 6-3 (Groundball, 6)
Bottom of the 1st over - 1 run(s), 1 hit(s), 0 error(s), 0 left on base; Maui 0 - Irvine 1
TOP OF THE 2ND
Maui Tropics batting - Pitching for Irvine Gang Green : RHP Mike Marrero
Batting: RHB José Herrera 0-0: Called Strike
0-1: Ball
1-1: Ball
2-1: Ball
3-1: SINGLE (Line Drive, 34)
Batting: LHB Mark Everett 0-0: Fly out, F4 (Popup, 34S)
Batting: RHB Luis Alou 0-0: Called Strike
0-1: Ball
1-1: Ball
2-1: Fly out, F9 (Flyball, 89D)
Batting: RHB Michael Woodruff 0-0: Ball
1-0: Foul Ball, location: 2F
1-1: Called Strike
1-2: Strikes out swinging
Top of the 2nd over - 0 run(s), 1 hit(s), 0 error(s), 1 left on base; Maui 0 - Irvine 1
BOTTOM OF THE 2ND
Irvine Gang Green batting - Pitching for Maui Tropics : RHP José Ortíz
Batting: RHB Don Hooper 0-0: Called Strike
0-1: SINGLE (Groundball, 13) (infield hit)
Batting: RHB Tyler Wagner 0-0: Called Strike
0-1: Ball
1-1: Swinging Strike
1-2: Ball
2-2: Foul Ball, location: 2F
2-2: Ball
3-2: Base on Balls
Don Hooper to second
Batting: RHB Ronnie Brown 0-0: SINGLE (Line Drive, 89M)
Don Hooper to third
Tyler Wagner to second
Batting: RHB Eichiro Yamamoto 0-0: Ball
1-0: Ball
2-0: Ball
3-0: Called Strike
3-1: Fly out, F9 (Flyball, 9LS)
Batting: LHB Tony Tavárez 0-0: Called Strike
0-1: Called Strike
0-2: Ball
1-2: Strikes out swinging
Batting: RHB Tom Doherty 0-0: Ball
1-0: Ball
2-0: Called Strike
2-1: Foul Ball, location: 2F
2-2: Ball
3-2: Foul Ball, location: 2F
3-2: Fly out, F9 (Flyball, 9LS)
Bottom of the 2nd over - 0 run(s), 2 hit(s), 0 error(s), 3 left on base; Maui 0 - Irvine 1
TOP OF THE 3RD
Maui Tropics batting - Pitching for Irvine Gang Green : RHP Mike Marrero
Batting: RHB José Rodríguez 0-0: Swinging Strike
0-1: Foul Ball, location: 2F
0-2: Strikes out swinging
Batting: RHB Matt Silver 0-0: Foul Ball, location: 2F
0-1: Foul Ball, location: 2F
0-2: Foul Ball, location: 2F
0-2: Ground out 6-3 (Groundball, 6)
Batting: LHB Mike Pearson 0-0: Foul Ball, location: 2F
0-1: Ground out 3-1 (Groundball, 34)
Top of the 3rd over - 0 run(s), 0 hit(s), 0 error(s), 0 left on base; Maui 0 - Irvine 1
BOTTOM OF THE 3RD
Irvine Gang Green batting - Pitching for Maui Tropics : RHP José Ortíz
Batting: LHB José Sánchez 0-0: Ball
1-0: Ball
2-0: Foul Ball, location: 2F
2-1: Ball
3-1: Base on Balls
Batting: RHB Aaron Wilson 0-0: Ball
1-0: Ball
José Sánchez is caught stealing 2nd base
2-0: DOUBLE (Flyball, 8RM)
Batting: LHB Víctor Quiñones 0-0: Called Strike
0-1: Ball
1-1: Called Strike
1-2: Foul Ball, location: 2F
1-2: Foul Ball, location: 2F
1-2: Fly out, F7 (Flyball, 78M)
Batting: RHB Don Hooper 0-0: Called Strike
0-1: Ball
1-1: Swinging Strike
1-2: Hit by Pitch
Batting: RHB Tyler Wagner 0-0: Foul Ball, location: 2F
0-1: Ball
1-1: Ball
2-1: Foul Ball, location: 2F
2-2: Ball
3-2: Base on Balls
Aaron Wilson to third
Don Hooper to second
Batting: RHB Ronnie Brown 0-0: SINGLE (Flyball, 9LS)
Aaron Wilson scores
Don Hooper to third
Tyler Wagner to second
Runner from 3rd tries for Home, SAFE, no throw
Batting: RHB Eichiro Yamamoto 0-0: Called Strike
0-1: Ball
1-1: Ball
2-1: Swinging Strike
2-2: Strikes out swinging
Bottom of the 3rd over - 2 run(s), 2 hit(s), 0 error(s), 2 left on base; Maui 0 - Irvine 3
TOP OF THE 4TH
Maui Tropics batting - Pitching for Irvine Gang Green : RHP Mike Marrero
Batting: LHB Luis Antonio Torres 0-0: Called Strike
0-1: Ground out 6-3 (Groundball, 6)
Batting: RHB Jesús Espinoza 0-0: Ball
1-0: Ball
2-0: Ball
3-0: Base on Balls
Batting: RHB José Herrera 0-0: Ball
1-0: Ball
2-0: Called Strike
2-1: Called Strike
2-2: SINGLE (Groundball, 6MD)
Jesús Espinoza to second
Batting: LHB Mark Everett 0-0: Called Strike
0-1: Ball
1-1: Fly out, F8 (Flyball, 78M)
Batting: RHB Luis Alou 0-0: Ball
1-0: Called Strike
1-1: Called Strike
1-2: Ball
2-2: Foul Ball, location: 2F
2-2: Ball
3-2: Strikes out looking
Top of the 4th over - 0 run(s), 1 hit(s), 0 error(s), 2 left on base; Maui 0 - Irvine 3
BOTTOM OF THE 4TH
Irvine Gang Green batting - Pitching for Maui Tropics : RHP José Ortíz
Batting: LHB Tony Tavárez 0-0: Called Strike
0-1: Ground out 4-3 (Groundball, 4)
Batting: RHB Tom Doherty 0-0: Called Strike
0-1: Ball
1-1: Ball
2-1: Ball
3-1: Swinging Strike
3-2: Foul Ball, location: 2F
3-2: Base on Balls
Batting: LHB José Sánchez 0-0: Foul Ball, location: 2F
0-1: Ball
1-1: Foul Ball, location: 2F
1-2: Foul Ball, location: 2F
1-2: Grounds into double play, 4-6-3 (Groundball, 4)
Bottom of the 4th over - 0 run(s), 0 hit(s), 0 error(s), 0 left on base; Maui 0 - Irvine 3
TOP OF THE 5TH
Maui Tropics batting - Pitching for Irvine Gang Green : RHP Mike Marrero
Batting: RHB Michael Woodruff 0-0: Foul Ball, location: 2F
0-1: Foul Ball, location: 2F
0-2: Foul Ball, location: 2F
0-2: Ball
1-2: Ball
2-2: Ball
3-2: Strikes out looking
Batting: RHB José Rodríguez 0-0: Ball
1-0: Called Strike
1-1: Fly out, F5 (Line Drive, 5)
Batting: RHB Matt Silver 0-0: Ball
1-0: Called Strike
1-1: Ball
2-1: Foul Ball, location: 2F
2-2: Fly out, F7 (Flyball, 7S)
Top of the 5th over - 0 run(s), 0 hit(s), 0 error(s), 0 left on base; Maui 0 - Irvine 3
BOTTOM OF THE 5TH
Irvine Gang Green batting - Pitching for Maui Tropics : RHP José Ortíz
Batting: RHB Aaron Wilson 0-0: Ground out 6-3 (Groundball, 56)
Batting: LHB Víctor Quiñones 0-0: Called Strike
0-1: Fly out, F7 (Flyball, 78S)
Batting: RHB Don Hooper 0-0: Ball
1-0: Ball
2-0: Ball
3-0: Called Strike
3-1: Ground out 6-3 (Groundball, 6)
Bottom of the 5th over - 0 run(s), 0 hit(s), 0 error(s), 0 left on base; Maui 0 - Irvine 3
TOP OF THE 6TH
Maui Tropics batting - Pitching for Irvine Gang Green : RHP Mike Marrero
Batting: LHB Mike Pearson 0-0: Foul Ball, location: 2F
0-1: Swinging Strike
0-2: Foul Ball, location: 2F
0-2: Fly out, F8 (Line Drive, 8RM)
Batting: LHB Luis Antonio Torres 0-0: Called Strike
0-1: Ball
1-1: Ground out 4-3 (Groundball, 4)
Batting: RHB Jesús Espinoza 0-0: Ball
1-0: DOUBLE (Line Drive, 8RXD)
Batting: RHB José Herrera 0-0: Called Strike
0-1: Ground out 6-3 (Groundball, 6)
Top of the 6th over - 0 run(s), 1 hit(s), 0 error(s), 1 left on base; Maui 0 - Irvine 3
BOTTOM OF THE 6TH
Irvine Gang Green batting - Pitching for Maui Tropics : RHP José Ortíz
Batting: RHB Tyler Wagner 0-0: Ball
1-0: Ball
2-0: Ball
3-0: Base on Balls
Pitching: RHP Yong-taek Yi
Batting: RHB Ronnie Brown 0-0: Foul Ball, location: 2F
0-1: Swinging Strike
0-2: Fly out, F8 (Flyball, 8LS)
Batting: RHB Eichiro Yamamoto 0-0: Ball
1-0: Ball
2-0: Fly out, F4 (Popup, 34D)
Batting: LHB Tony Tavárez 0-0: Ball
1-0: Foul Ball, location: 2F
1-1: Ball
2-1: Ground out U3 (Groundball, 3)
Bottom of the 6th over - 0 run(s), 0 hit(s), 0 error(s), 1 left on base; Maui 0 - Irvine 3
TOP OF THE 7TH
Maui Tropics batting - Pitching for Irvine Gang Green : RHP Mike Marrero
Batting: LHB Mark Everett 0-0: Called Strike
0-1: Ball
1-1: Foul Ball, location: 2F
1-2: Ball
2-2: Ball
3-2: Foul Ball, location: 2F
3-2: Foul Ball, location: 2F
3-2: Base on Balls
Batting: RHB Luis Alou 0-0: Ball
1-0: Called Strike
1-1: Called Strike
1-2: Fly out, F7 (Flyball, 7)
Batting: RHB Michael Woodruff 0-0: Ball
1-0: Ball
2-0: Grounds into double play, 4-6-3 (Groundball, 4)
Top of the 7th over - 0 run(s), 0 hit(s), 0 error(s), 0 left on base; Maui 0 - Irvine 3
BOTTOM OF THE 7TH
Irvine Gang Green batting - Pitching for Maui Tropics : RHP Yong-taek Yi
Batting: RHB Tom Doherty 0-0: Ball
1-0: Called Strike
1-1: Ground out 5-3 (Groundball, 56)
Batting: LHB José Sánchez 0-0: Ground out 4-3 (Groundball, 4)
Batting: RHB Aaron Wilson 0-0: Ball
1-0: Ground out U3 (Groundball, 34)
Bottom of the 7th over - 0 run(s), 0 hit(s), 0 error(s), 0 left on base; Maui 0 - Irvine 3
TOP OF THE 8TH
Maui Tropics batting - Pitching for Irvine Gang Green : RHP Mike Marrero
Batting: RHB José Rodríguez 0-0: Foul Ball, location: 2F
0-1: Foul Ball, location: 2F
0-2: Ball
1-2: Foul Ball, location: 2F
1-2: Strikes out looking
Batting: RHB Matt Silver 0-0: Fly out, F7 (Line Drive, 7D)
Batting: LHB Mike Pearson 0-0: Foul Ball, location: 2F
0-1: Ball
1-1: Called Strike
1-2: Strikes out swinging
Top of the 8th over - 0 run(s), 0 hit(s), 0 error(s), 0 left on base; Maui 0 - Irvine 3
BOTTOM OF THE 8TH
Irvine Gang Green batting - Pitching for Maui Tropics : RHP Yong-taek Yi
Batting: LHB Víctor Quiñones 0-0: Ball
1-0: Ball
2-0: Fly out, F3 (Line Drive, 34S)
Batting: RHB Don Hooper 0-0: Called Strike
0-1: Ball
1-1: Called Strike
1-2: Foul Ball, location: 2F
1-2: Ball
2-2: SOLO HOME RUN (Flyball, 7LD), Distance : 392 ft
Batting: RHB Tyler Wagner 0-0: Ball
1-0: Ball
2-0: SINGLE (Groundball, 4) (infield hit)
Batting: RHB Ronnie Brown 0-0: Ball
1-0: Ball
2-0: Swinging Strike
2-1: Fielders Choice at 2nd, 3-6 (Groundball, 3)
Batting: RHB Eichiro Yamamoto 0-0: Ball
1-0: SINGLE (Groundball, 4MD)
Ronnie Brown to second
Batting: LHB Tony Tavárez 0-0: Called Strike
0-1: Ball
Wild Pitch!
Ronnie Brown to third
Eichiro Yamamoto to second
1-1: Ball
2-1: Fly out, F3 (Popup, 34)
Bottom of the 8th over - 1 run(s), 3 hit(s), 0 error(s), 2 left on base; Maui 0 - Irvine 4
TOP OF THE 9TH
Maui Tropics batting - Pitching for Irvine Gang Green : RHP Mike Marrero
Pitching: LHP Millard Curtis
Batting: LHB Luis Antonio Torres 0-0: Foul Ball, location: 2F
0-1: Ball
1-1: Foul Ball, location: 2F
1-2: Strikes out swinging
Batting: RHB Jesús Espinoza 0-0: Ball
1-0: Swinging Strike
1-1: Ball
2-1: Ball
3-1: Base on Balls
Batting: RHB José Herrera 0-0: Called Strike
0-1: Ball
1-1: Ball
2-1: Foul Ball, location: 2F
2-2: Strikes out swinging
Batting: LHB Mark Everett 0-0: Fielders Choice at 2nd, 6-4 (Groundball, 6D)
Top of the 9th over - 0 run(s), 0 hit(s), 0 error(s), 0 left on base; Maui 0 - Irvine 4
Tuesday, August 8th, 2017 - OOTP Baseball 17.12 Build 75